 Dungeon Crawl Stone Soup version 0.25.1-2-g60ff931df9 (webtiles) character file.

Game seed: 5880025200211341026

50 raphialitos the Shield-Bearer (level 4, -3/36 HPs)
             Began as a Formicid Fighter on Oct 16, 2020.
             Killed by divine providence
             ... invoked by an orc priest
              (10 damage)
             ... on level 2 of the Dungeon on Oct 19, 2020.
             The game lasted 00:03:25 (1573 turns).

raphialitos the Shield-Bearer (Formicid Fighter)    Turns: 1573, Time: 00:03:26

Health: -3/36      AC:  6    Str: 21    XL:     4   Next: 4%
Magic:  4/4        EV:  8    Int: 14    God:
Gold:   37         SH:  0    Dex: 10    Spells: 3/3 levels left

rFire    . . .     SeeInvis +   a - +1 long sword
rCold    . . .     Gourm    .   c - +0 kite shield
rNeg     . . .     Faith    .   b - +0 scale mail
rPois    .         Spirit   .   (helmet unavailable)
rElec    .         Reflect  .   (no cloak)
rCorr    .         Harm     .   (no gloves)
MR       .....                  (no boots)
Stlth    ..........             (no amulet)
HPRegen  0.12/turn              (no ring)
MPRegen  0.09/turn              e - +6 ring of intelligence

@: confused
A: permanent stasis, dig shafts and tunnels, four strong arms, antennae 3
a: Dig, Shaft Self


You were on level 2 of the Dungeon.
You were not hungry.

You visited 1 branch of the dungeon, and saw 2 of its levels.

You collected 37 gold pieces.

Inventory:

Hand Weapons
 a - a +1 long sword (weapon)
Armour
 b - a +0 scale mail (worn)
 c - a +0 kite shield (worn)
Jewellery
 e - a +6 ring of intelligence (right hand)
Scrolls
 h - a scroll of enchant weapon
 j - a scroll of teleportation {unknown}
Potions
 d - 2 potions of might
 i - a potion of invisibility
Comestibles
 f - 3 rations
 g - 2 chunks of flesh


   Skills:
 + Level 3.6 Fighting
 + Level 2.8 Long Blades
 + Level 3.6 Armour
 + Level 0.2 Dodging
 + Level 0.1 Stealth
 + Level 4.2 Shields


You had 3 spell levels left.
You didn't know any spells.
Your spell library was empty.

Dungeon Overview and Level Annotations

Branches:
Dungeon (2/15)

Altars:


Innate Abilities, Weirdness & Mutations

You cannot be hasted, slowed, berserked, paralysed or teleported.
You can dig through walls and to a lower floor.
Your four strong arms can wield two-handed weapons with a shield.
You have a pair of large antennae on your head. (SInv)


Message History

The orc wizard gestures at you while chanting.
You are confused.
The orc hits you.
* * * LOW HITPOINT WARNING * * *
You hit the orc.
The orc is heavily wounded.
The orc priest begins to cast a cantrip, but forgets the words!
The orc wizard hits you but does no damage.
The orc hits you but does no damage.
The orc priest hits you but does no damage.
Some of the chunks of flesh in your inventory have rotted away.
Unknown command.
Your shield prevents you from hitting the orc priest.
The orc priest is moderately wounded.
The orc wizard hits you but does no damage.
The orc hits you.
* * * LOW HITPOINT WARNING * * *
The orc priest calls down the wrath of Beogh upon you.
Beogh smites you!
You die...

#.......##.........#
#.......#..#######..#
##..#.###.###$⌠$## #
###..#...#.##.....##
.....#.###.#.......#
####.....#.#.8...8.#
###.#.#.#...)...#
#######.#.#.#.)oo...#
#.....#.#.#.#..o@...#
#.....#.#.#.#.8...8.#
#.....#.#.#.#.......#
#.........#...........
#.....###.####....###...
#.....# #.# #.#### ##
......# #.# #.# #.....#
#.# #.# ####### #.# #.#


You could see an orc priest, an orc wizard (invisible) and an orc.

Vanquished Creatures
  An adder (D:2)
  A dart slug (D:1)
  2 orcs (D:2)
  2 bats (D:1)
  2 giant cockroaches (D:1)
  7 goblins
  7 hobgoblins
  2 jackals (D:1)
  A ball python (D:1)
  A frilled lizard (D:1)
  4 kobolds
  3 rats
33 creatures vanquished.

Notes
Turn   | Place    | Note
-------+----------+-------------------------------------------
     0 | D:1      | raphialitos the Formicid Fighter began the quest for the
                  | Orb.
     0 | D:1      | Reached XP level 1. HP: 18/18 MP: 1/1
   197 | D:1      | Reached XP level 2. HP: 24/24 MP: 2/2
   619 | D:1      | Reached XP level 3. HP: 23/29 MP: 3/3
   639 | D:1      | Reached skill level 4 in Shields
  1563 | D:2      | Reached XP level 4. HP: 31/36 MP: 4/4
  1573 | D:2      | Killed from afar by an orc priest

Illustrated notes

Levels and vault maps discovered:
D:1:      evilmike_arrival_home_sweet_home, layout_basic
D:2:      cheibrodos_pilgrimage, layout_basic, st_stairs_6

Skill      XL: |  1  2  3 |
---------------+----------+-----
Shields        | 4 |  4.2
Fighting       | |  3.6
Long Blades    | |  2.8
Armour         | |  3.6
Dodging        | |  0.2
Stealth        | |  0.1

Action                   |  1- 3 |  4- 6 || total
-------------------------+-------+-------++-------
Melee: Long sword        |   142 |     9 ||   151
  Use: Scroll            |     5 |       ||     5
  Eat: Chunk             |     2 |       ||     2
Armor: Scale mail        |    69 |     8 ||    77
Dodge: Dodged            |    54 |     7 ||    61
Block: Kite shield       |    99 |     7 ||   106
       Rpst.: Long sword |    15 |     2 ||    17
